 Dungeon Crawl Stone Soup version 0.20.0-15-g7f486f2 (webtiles) character file.

1049 Chiseanne the Magician (level 8, 50/52 HPs)
             Began as a Demonspawn Wizard on June 15, 2017.
             Was an Initiate of Vehumet.
             Quit the game on level 5 of the Dungeon.
             The game lasted 00:14:34 (6867 turns).

Chiseanne the Magician (Demonspawn Wizard)          Turns: 6867, Time: 00:14:34

Health: 50/52      AC:  8    Str:  7    XL:     8   Next: 5%
Magic:  10/18      EV: 12    Int: 23    God:    Vehumet [......]
Gold:   322        SH:  0    Dex: 11    Spells: 11/20 levels left

rFire    + . .     SeeInvis .   a - +0 dagger (elec)
rCold    . . .     Gourm    .   (no shield)
rNeg     . . .     Faith    +   y - +2 animal skin
rPois    .         Spirit   .   z - +0 helmet
rElec    .         Reflect  .   (no cloak)
rCorr    .         Harm     .   (no gloves)
MR       .....                  (no boots)
Stlth    +.........             e - amulet of faith
Regen    0.2/turn               j - ring of protection from fire
MPRegen  0.2/turn               o - ring of loudness (curse)

@: no status effects
A: talons 1, yellow scales 2, spiny 1, rot immunity
a: Renounce Religion


You were on level 5 of the Dungeon.
You worshipped Vehumet.
Vehumet was noncommittal.
You were hungry.

You visited 2 branches of the dungeon, and saw 6 of its levels.

You collected 322 gold pieces.

Inventory:

Hand Weapons
 a - a +0 dagger of electrocution (weapon)
 q - a +0 blowgun
 r - a +2 hunting sling of velocity
 s - a +2 morningstar of crushing
 w - a +3 hunting sling of flaming
Missiles
 b - 17 bolts
 g - 39 arrows
 i - 160 stones (quivered)
 p - 30 poisoned needles
 F - 7 curare-tipped needles
Armour
 y - a +2 animal skin (worn)
 z - a +0 helmet (worn)
Jewellery
 e - an amulet of faith (around neck)
 j - a ring of protection from fire (left hand)
 o - a cursed ring of loudness (right hand)
Wands
 c - a wand of paralysis (1/24)
Scrolls
 f - 3 scrolls of remove curse
 k - a scroll of amnesia
 m - a scroll of teleportation
 A - a scroll of identify
 C - a scroll of enchant weapon {unknown}
Potions
 h - 10 potions of curing
 l - a potion of haste
 n - a potion of lignification
 t - 2 potions of agility
 u - 2 potions of magic
 x - a potion of heal wounds
 D - a potion of ambrosia {unknown}
 E - a potion of brilliance {unknown}
Comestibles
 d - 3 bread rations
 v - a meat ration
 B - 4 fruits


   Skills:
 - Level 1.7 Dodging
 - Level 1.7 Stealth
 * Level 6.8 Spellcasting
 * Level 6.5 Conjurations
   Level 1.0 Summonings
 - Level 0.8 Translocations


You had 11 spell levels left.
You knew the following spells:

 Your Spells              Type           Power        Failure   Level  Hunger
a - Magic Dart            Conj           ####         1%          1    None
b - Blink                 Tloc           N/A          9%          2    None
c - Conjure Flame         Conj/Fire      ###.....     6%          3    None
d - Mephitic Cloud        Conj/Pois/Air  ###.....     10%         3    None


Dungeon Overview and Level Annotations

Branches:
Dungeon (5/15)             Temple (1/1) D:5

Altars:
Ashenzari
Dithmenos
Fedhas
Kikubaaqudgha
Sif Muna
Uskayaw
Vehumet
Xom
Zin

Shops:
D:4 (


Innate Abilities, Weirdness & Mutations

You have sharp toenails.
You are mostly covered in yellow scales. (AC +3)
You are partially covered in sharp spines.
You are immune to rotting.


Message History

The slave is lightly wounded.
You hit Pikel. Lightning courses through Pikel!
Pikel is heavily wounded.
Pikel is engulfed in blazing flames.
Pikel is struck by your spines.
Pikel hits you with a whip of electrocution.
You barely miss Pikel.
Pikel is almost dead.
The slave is engulfed in noxious fumes.
The slave appears confused.
Pikel is engulfed in blazing flames.
You kill Pikel!
Vehumet accepts your kill.
Your Spellcasting skill increases to level 6!
Your Conjurations skill increases to level 6!
You have reached level 8!
You feel clever.
Your demonic ancestry asserts itself...
Your toenails lengthen and sharpen.
With Pikel's spell broken, the former slaves thank you for their freedom.
The freed slave is engulfed in noxious fumes.
The freed slave appears confused.
Are you sure you want to abandon this character and quit the game? (Confirm with "yes".)

#......### #........#
####.....# #.....#
#####.....#
...........############
.........p>'..........###
...........##########.##.
########@................
#ยง#############.#. .p..
#... ...p... ##..
#.....p.. #.. #........#
##. ########## #. ..


You could see 4 neutral freed slaves.

Vanquished Creatures
  Pikel (D:5)
  The ghost of loom the Conjurer, an amateur DECj of Vehumet (D:3)
  An ice beast (D:4)
  A centaur skeleton (D:5)
  A worker ant (D:5)
  Ijyb (D:2)
  Natasha (thrice) (D:3)
  An iguana (D:4)
  Robin (D:3)
  3 gnolls
  5 adders
  An adder skeleton (D:5)
  4 worms
  3 dart slugs (D:1)
  4 leopard geckos
  3 orcs (D:3)
  3 ball pythons
  6 giant cockroaches
  19 goblins
  8 hobgoblins
  7 jackals
  2 quokkas
  8 bats
  4 frilled lizards
  A jackal skeleton (D:4)
  12 kobolds
  19 rats
123 creatures vanquished.

Notes
Turn   | Place    | Note
-------+----------+-------------------------------------------
     0 | D:1      | Chiseanne the Demonspawn Wizard began the quest for the Orb.
     0 | D:1      | Reached XP level 1. HP: 13/13 MP: 4/4
   293 | D:1      | Gained mutation: You are partially covered in yellow scales. (AC +2) [demonic ancestry]
   293 | D:1      | Reached XP level 2. HP: 19/19 MP: 4/6
  1280 | D:1      | Gained mutation: You are immune to rotting. [demonic ancestry]
  1280 | D:1      | Reached XP level 3. HP: 24/24 MP: 6/8
  2548 | D:2      | Reached XP level 4. HP: 30/30 MP: 2/10
  2798 | D:2      | Found a shadowy altar of Dithmenos.
  3032 | D:3      | Noticed Ijyb
  3042 | D:2      | Learned a level 2 spell: Blink
  3046 | D:2      | Learned a level 3 spell: Conjure Flame
  3050 | D:2      | Learned a level 3 spell: Mephitic Cloud
  3056 | D:2      | Paralysed by Ijyb for 5 turns
  3071 | D:2      | Killed Ijyb
  3270 | D:3      | Reached XP level 5. HP: 35/35 MP: 2/11
  3301 | D:3      | Noticed Natasha
  3308 | D:3      | Killed Natasha
  3480 | D:3      | Found a deep blue altar of Sif Muna.
  3884 | D:3      | Noticed Natasha
  3891 | D:3      | Killed Natasha
  4281 | D:3      | Noticed loom's ghost (amateur DECj)
  4306 | D:3      | Killed loom's ghost
  4306 | D:3      | Reached skill level 5 in Spellcasting
  4306 | D:3      | Gained mutation: You are mostly covered in yellow scales. (AC +3) [demonic ancestry]
  4306 | D:3      | Reached XP level 6. HP: 30/41 MP: 13/13
  4491 | D:3      | Noticed Robin
  5085 | D:3      | Noticed Natasha
  5090 | D:3      | Killed Natasha
  5386 | D:3      | Killed Robin
  5728 | D:4      | Found a glowing silver altar of Zin.
  6001 | D:4      | Found a blossoming altar of Fedhas.
  6146 | D:4      | Noticed an ice beast
  6155 | D:4      | Killed an ice beast
  6155 | D:4      | Reached skill level 5 in Conjurations
  6155 | D:4      | Gained mutation: You are partially covered in sharp spines. [demonic ancestry]
  6155 | D:4      | Reached XP level 7. HP: 32/46 MP: 7/15
  6273 | D:4      | Found Uguith's Antique Weapon Shop.
  6451 | D:5      | Entered Level 5 of the Dungeon
  6451 | D:5      | Found a staircase to the Ecumenical Temple.
  6467 | Temple   | Entered the Ecumenical Temple
  6503 | Temple   | Became a worshipper of Vehumet
  6859 | D:5      | Noticed Pikel
  6866 | D:5      | Killed Pikel
  6866 | D:5      | Gained mutation: You have sharp toenails. [demonic ancestry]
  6866 | D:5      | Reached XP level 8. HP: 50/52 MP: 10/18
  6867 | D:5      | Quit the game

Skill      XL: |  1  2  3  4  5  6  7 |
---------------+----------------------+-----
Conjurations   | 2 3 4 5 6 |  6.5
Spellcasting   | 4 5 6 |  6.8
Dodging        | |  1.7
Stealth        | |  1.7
Summonings     | |  1.0
Translocations | |  0.8

Action                   |  1- 3 |  4- 6 |  7- 9 || total
-------------------------+-------+-------+-------++-------
Melee: Club              |    20 |       |       ||    20
       Dagger            |    16 |    60 |     5 ||    81
 Cast: Magic Dart        |   136 |   153 |    17 ||   306
       Blink             |       |     3 |       ||     3
       Mephitic Cloud    |       |    14 |     1 ||    15
       Conjure Flame     |       |     2 |     1 ||     3
Evoke: Wand              |       |     2 |       ||     2
  Use: Scroll            |     7 |     8 |       ||    15
 Stab: Paralysed         |       |     5 |       ||     5
  Eat: Chunk             |     5 |    11 |     2 ||    18
Armor: Robe              |     8 |    22 |       ||    30
       Animal skin       |       |     2 |     1 ||     3
Dodge: Dodged            |    42 |    43 |     6 ||    91
